[Event "*** Titled Tuesday Blitz AM"]
[Site "Chess.com"]
[Date "2020.01.07"]
[Round "5"]
[White "cholzan"]
[Black "BocharovD"]
[Result "0-1"]
[WhiteElo "2539"]
[BlackElo "2766"]
[TimeControl "180+2"]
[EndTime "10:04:03 PST"]
[Termination "BocharovD won by resignation"]

1. d4 Nf6 2. c4 e6 3. Nc3 Bb4 4. e3 O-O 5. Ne2 Re8 6. a3 Bf8 7. Ng3 d5 8. Bd3 c5 9. O-O cxd4 10. exd4 Nc6 11. Be3 dxc4 12. Bxc4 b6 13. Rc1 Bb7 14. Bb5 a6 15. Ba4 b5 16. Bc2 Na5 17. Qd3 Nc4 18.
Nh5 g6 19. Bg5 Be7 20. Nxf6+ Bxf6 21. Bxf6 Qxf6 22. Rb1 Rad8 23. Rfd1 Rd7 24. a4 Red8 25.
axb5 axb5 26. Nxb5 Qg5 27. d5 Rxd5 28. Qg3 Rxb5 29. Rxd8+ Qxd8 30. Bd3 Rg5 0-1

[Event "*** Titled Tuesday Blitz AM"]
[Site "Chess.com"]
[Date "2020.01.07"]
[Round "5"]
[White "Snegokhod"]
[Black "LiamVrolijk"]
[Result "1/2-1/2"]
[WhiteElo "2595"]
[BlackElo "2803"]
[TimeControl "180+2"]
[EndTime "10:04:08 PST"]
[Termination "Game drawn by agreement"]

1. d4 Nf6 2. Nc3 d5 3. Bg5 Nbd7 4. e3 c5 5. a3 e6 6. f4 b6 7. Nf3 Bb7 8. Bxf6 gxf6 9. f5 Bd6 10. fxe6 fxe6 11. Nh4 Qe7 12. Qh5+ Qf7 13. Be2 Qxh5 14. Bxh5+ Ke7 15. O-O a6 16. Bf3 Rhg8 17. g3 Rac8 18. Ng2 b5 19. Be2 Bb8 20. Bd3 Ba7 21. dxc5 Bxc5 22.
Ne2 Rg7 23. Nd4 Ne5 24. Nf4 Nxd3 25. cxd3 Bxd4 26. exd4 Kd6 27. Rfe1 e5 28. Ng2 Rcc7 29. Ne3 Bc8 30. Re2 exd4 31. Nc2 f5 32. Rf1 1/2-1/2

[Event "*** Titled Tuesday Blitz AM"]
[Site "Chess.com"]
[Date "2020.01.07"]
[Round "5"]
[White "WildTricks"]
[Black "shanemelaughcm"]
[Result "1-0"]
[WhiteElo "2496"]
[BlackElo "2323"]
[TimeControl "180+2"]
[EndTime "10:04:09 PST"]
[Termination "WildTricks won by resignation"]

1. Nf3 e6 2. g3 f5 3. Bg2 Nf6 4. O-O Be7 5. d4 O-O 6. c4 d6 7. Nc3 Ne4 8. Qc2 Nxc3 9. Qxc3 Bf6 10. Bf4 Nc6 11. Rad1 Qe8 12. Rfe1 e5 13. dxe5 dxe5 14. Bg5 e4 15. Bxf6 exf3 16. exf3 Qg6 17. Be7 Rf7 18. Ba3 Be6 19. f4 Rf6 20. b3 Qf7 21. Bb2 Rh6 22. Rxe6 Rxe6 23. Bd5 Nd8 24. Re1 Kf8 25. Bxe6 Nxe6 26. Rxe6 Qxe6 27. Qxg7+ Ke8 28. Qh8+ Kd7 29. Qxa8 Qe1+ 30. Kg2 Qe4+ 31. Kh3 Qe2 32. Qh8 Qf1+ 33. Kh4 Qxf2 34. Qd4+ Qxd4 35. Bxd4 Ke6 36. Bxa7 b6 37.
Kg5 b5 38. cxb5 1-0

[Event "*** Titled Tuesday Blitz AM"]
[Site "Chess.com"]
[Date "2020.01.07"]
[Round "5"]
[White "Last7Samurai"]
[Black "TregubovP"]
[Result "1-0"]
[WhiteElo "2830"]
[BlackElo "2585"]
[TimeControl "180+2"]
[EndTime "10:04:17 PST"]
[Termination "Last7Samurai won by resignation"]

1. d4 Nf6 2. Bg5 e6 3. Nf3 d5 4. e3 h6 5. Bh4 c5 6. Nbd2 Nc6 7. c3 Be7 8. Bd3 Nh5 9. Bxe7 Qxe7 10. O-O O-O 11.
Re1 Nf6 12. e4 cxd4 13. e5 Ne4 14. cxd4 Nxd2 15. Qxd2 Bd7 16. Rac1 Rfc8 17. Bb1 Rc7 18. Qd3 g6 19. Qd2 Kg7 20. h4 h5 21. Ng5 Rac8 22. Rc3 Qb4 23. Qf4 Be8 24. Rd1 Kg8 25. g4 hxg4 26. h5 Qe7 27. h6 Nd8 28. Rg3 Qf8 29. Rxg4 Qxh6 30. Rh4 Qg7 31. Rh7 Qxh7 32. Nxh7 Kxh7 33. Kg2 Kg8 34. Rh1 1-0

[Event "*** Titled Tuesday Blitz AM"]
[Site "Chess.com"]
[Date "2020.01.07"]
[Round "5"]
[White "LogoCzar"]
[Black "SiddharthGMJagadeesh"]
[Result "0-1"]
[WhiteElo "2395"]
[BlackElo "2549"]
[TimeControl "180+2"]
[EndTime "10:04:33 PST"]
[Termination "SiddharthGMJagadeesh won by resignation"]

1. e4 c5 2. Nf3 Nc6 3. d4 Nxd4 4. Nxd4 cxd4 5. Qxd4 d6 6. Nc3 Nf6 7. Bg5 e6 8. Bb5+ Bd7 9. Bxd7+ Qxd7 10. Bxf6 gxf6 11. Qxf6 Rg8 12. Qf3 Bg7 13. O-O-O Rc8 14. Rd3 Be5 15. Rhd1 b5 16. g3 b4 17. Qh5 Qc6 18. Qxh7 Rh8 19.
Rxd6 Rxh7 20. Rxc6 Rxc6 21. Nb5 Rxh2 22. Nxa7 Ra6 23.
f4 Rxa7 24. fxe5 Rc7 0-1

[Event "*** Titled Tuesday Blitz AM"]
[Site "Chess.com"]
[Date "2020.01.07"]
[Round "5"]
[White "vova-79"]
[Black "Pultis"]
[Result "0-1"]
[WhiteElo "2613"]
[BlackElo "2860"]
[TimeControl "180+2"]
[EndTime "10:04:35 PST"]
[Termination "Pultis won by checkmate"]

1. d4 Nf6 2. c4 e6 3. Nc3 Bb4 4. e3 c5 5. Ne2 O-O 6. a3 Bxc3+ 7. Nxc3 cxd4 8. exd4 b6 9. Be2 Bb7 10. O-O d5 11. c5 bxc5 12. dxc5 Nbd7 13. b4 a6 14. Bg5 Re8 15. Rc1 h6 16. Bh4 Rc8 17. Bg3 e5 18. f3 Nf8 19. Re1 d4 20. Na4 Nh5 21. Nb6 Rc6 22. Bd3 Nxg3 23. hxg3 Qg5 24. Be4 Qxg3 25. Bxc6 Bxc6 26. Qe2 Ng6 27. Qf2 Qg5 28. a4 Nf4 29.
Kf1 Nd3 30. Qc2 e4 31. fxe4 Bxe4 32. Rxe4 Rxe4 33. Rd1 Qe3 34. Rxd3 Qe1# 0-1

[Event "*** Titled Tuesday Blitz AM"]
[Site "Chess.com"]
[Date "2020.01.07"]
[Round "5"]
[White "heyiampotato"]
[Black "CarlosAlbornoz"]
[Result "1-0"]
[WhiteElo "2510"]
[BlackElo "2748"]
[TimeControl "180+2"]
[EndTime "10:04:40 PST"]
[Termination "heyiampotato won by checkmate"]

1. d4 Nf6 2. Nf3 g6 3. Nbd2 Bg7 4. e4 d6 5. Bb5+ c6 6. Bd3 O-O 7. O-O Nbd7 8. c3 e5 9. Re1 Re8 10. h3 Nh5 11. Qc2 Qe7 12. a4 a5 13. Nc4 h6 14.
Bf1 Qf6 15. dxe5 dxe5 16. Be3 Bf8 17. Rad1 b5 18. axb5 cxb5 19. Na3 b4 20. Nb5 Qc6 21. Na7 Qc7 22. Nb5 Qc6 23. Na7 Qb7 24. Nxc8 Raxc8 25. Qa4 bxc3 26. Rxd7 Qxb2 27. Bc4 Re7 28. Rxe7 Bxe7 29.
Nxe5 Rxc4 30. Qxc4 Ng7 31. Qxf7+ Kh8 32. Nxg6+ Kh7 33.
Nxe7 c2 34. Qg8# 1-0

[Event "*** Titled Tuesday Blitz AM"]
[Site "Chess.com"]
[Date "2020.01.07"]
[Round "5"]
[White "dawtonlms"]
[Black "Mikhail_Golubev"]
[Result "0-1"]
[WhiteElo "2329"]
[BlackElo "2576"]
[TimeControl "180+2"]
[EndTime "10:04:40 PST"]
[Termination "Mikhail_Golubev won on time"]

1. e4 c5 2. Nf3 d6 3. Bb5+ Bd7 4. Bxd7+ Qxd7 5. c4 g6 6. Nc3 Bg7 7. d4 cxd4 8. Nxd4 Nf6 9. O-O O-O 10. f3 Rc8 11.
b3 d5 12. exd5 Nxd5 13. Nxd5 e6 14. Be3 exd5 15. cxd5 Qxd5 16. Rb1 Rd8 17. Ne2 Nc6 18. Qxd5 Rxd5 19. Nf4 Ra5 20. Rf2 Re8 21. Re2 Rxe3 22. Rxe3 Bd4 23. Re1 Re5 24. Kf2 Nb4 25. Re2 g5 0-1

[Event "*** Titled Tuesday Blitz AM"]
[Site "Chess.com"]
[Date "2020.01.07"]
[Round "5"]
[White "Borsuk_Konstantin"]
[Black "Anton_Demchenko"]
[Result "0-1"]
[WhiteElo "2523"]
[BlackElo "2972"]
[TimeControl "180+2"]
[EndTime "10:04:43 PST"]
[Termination "Anton_Demchenko won by resignation"]

1. d4 Nf6 2. c4 g6 3. Nc3 Bg7 4.
e4 O-O 5. Be3 d6 6. f3 a6 7. Rc1 Nbd7 8. c5 dxc5 9. dxc5 Ne5 10. h3 Nh5 11. Kf2 e6 12. Qxd8 Rxd8 13. g4 Nf6 14. Rd1 Rxd1 15. Nxd1 Bd7 16. f4 Nxe4+ 17. Kg2 Bc6 18. Kh2 Rd8 19. Be2 Nc4 20. Bc1 Ncd2 21.
Nf3 Nf2 22. Nxf2 Nxf3+ 23. Bxf3 Bxf3 24. Re1 Bd4 25. Kg3 Bd5 26. Be3 Bxb2 27. Rb1 Bg7 28. a4 Bc6 29. Rb4 f5 30. h4 Kf7 31.
gxf5 gxf5 32. h5 Rg8 0-1

[Event "*** Titled Tuesday Blitz AM"]
[Site "Chess.com"]
[Date "2020.01.07"]
[Round "5"]
[White "Oligan22"]
[Black "Sjakkerntobi"]
[Result "0-1"]
[WhiteElo "2467"]
[BlackElo "2274"]
[TimeControl "180+2"]
[EndTime "10:04:43 PST"]
[Termination "Sjakkerntobi won by resignation"]

1. e4 c5 2. Be2 e6 3. d3 d5 4. f4 Nc6 5. Nf3 Nf6 6. e5 Nd7 7. c3 f6 8. d4 Qb6 9. Qb3 cxd4 10. Qxb6 axb6 11. Nxd4 Nc5 12. Nb5 Kf7 13. O-O Nb3 14. axb3 Rxa1 15. N1a3 Bc5+ 16. Kh1 Bd7 17. b4 Be7 18.
Kg1 d4 19. Bc4 f5 20. g4 g6 21. g5 Rc8 22. Kf2 Nd8 23. Nxd4 Rxa3 24. bxa3 Rxc4 25. Bb2 Nc6 26. Nc2 Rxf4+ 27. Ke2 Rxf1 28. Kxf1 Nxe5 29. Ne3 Bxg5 0-1

[Event "*** Titled Tuesday Blitz AM"]
[Site "Chess.com"]
[Date "2020.01.07"]
[Round "5"]
[White "Zq1"]
[Black "allvim"]
[Result "0-1"]
[WhiteElo "2561"]
[BlackElo "2339"]
[TimeControl "180+2"]
[EndTime "10:04:55 PST"]
[Termination "allvim won by resignation"]

1. d4 Nf6 2. c4 g6 3. Nc3 d5 4. Nf3 Bg7 5. cxd5 Nxd5 6. Bd2 O-O 7. Rc1 Nb6 8. Bg5 h6 9. Bf4 Nc6 10. e3 g5 11. Bg3 g4 12. Nh4 e5 13. d5 Ne7 14. e4 c6 15. d6 Ng6 16. Nf5 Bxf5 17. exf5 Nf4 18. Ne4 Nbd5 19. Qxg4 Qa5+ 20.
Nc3 Rad8 21. Bc4 Nxg2+ 22. Kf1 Nge3+ 23. fxe3 Nxe3+ 24. Ke2 Nxg4 25. Rhg1 Qc5 0-1

[Event "*** Titled Tuesday Blitz AM"]
[Site "Chess.com"]
[Date "2020.01.07"]
[Round "5"]
[White "Justmig"]
[Black "MattyDPerrine"]
[Result "1/2-1/2"]
[WhiteElo "2703"]
[BlackElo "2369"]
[TimeControl "180+2"]
[EndTime "10:04:57 PST"]
[Termination "Game drawn by repetition"]

1. d4 Nf6 2. Bg5 Ne4 3. Bf4 d5 4. e3 g6 5. Bd3 Bg7 6. Bxe4 dxe4 7. Nc3 c5 8. Nge2 cxd4 9. exd4 f5 10. Qd2 Nc6 11. O-O-O Qa5 12. Bh6 Bf6 13. Bg5 Bg7 14.
Bh6 Bf6 15. Kb1 Be6 16. Bg5 Bg7 17. Bh6 Bf6 18. Bg5 Bg7 19. Bh6 Bf6 1/2-1/2

[Event "*** Titled Tuesday Blitz AM"]
[Site "Chess.com"]
[Date "2020.01.07"]
[Round "5"]
[White "arjwezhrtdrz"]
[Black "Azatic"]
[Result "0-1"]
[WhiteElo "2288"]
[BlackElo "2566"]
[TimeControl "180+2"]
[EndTime "10:04:57 PST"]
[Termination "Azatic won by resignation"]

1. e4 c5 2. c3 d5 3. exd5 Qxd5 4. d4 Nf6 5. Nf3 e6 6. Be2 Nc6 7. Na3 cxd4 8. Nb5 Qd8 9. Nbxd4 Nxd4 10. Qxd4 Bd6 11. Bb5+ Ke7 12. O-O a6 13. Ba4 b5 14.
Bb3 Bb7 15. Ne5 Rc8 16. Bg5 h6 17. Bh4 Bc5 18. Qxd8+ Rhxd8 19. Rad1 g5 20. Bg3 Ne4 21. Rfe1 h5 22. Bc2 Rxd1 23. Rxd1 h4 24. Bxe4 Bxe4 25. Re1 Bd5 26. Nd3 hxg3 27. hxg3 Bd6 28. a3 Bc4 29.
Nb4 a5 30. Nc2 Bc5 31. Ne3 Bxe3 32. fxe3 Rd8 33. Kf2 g4 0-1

[Event "*** Titled Tuesday Blitz AM"]
[Site "Chess.com"]
[Date "2020.01.07"]
[Round "5"]
[White "Tayson_7"]
[Black "Me_ch_an"]
[Result "1-0"]
[WhiteElo "2562"]
[BlackElo "2336"]
[TimeControl "180+2"]
[EndTime "10:04:58 PST"]
[Termination "Tayson_7 won by checkmate"]

1. e4 c5 2. Nf3 Nc6 3. d4 cxd4 4. Nxd4 Qb6 5. Nb3 Nf6 6. Nc3 e6 7. Be3 Qc7 8. f4 d6 9. Qf3 a6 10. Bd3 Be7 11. O-O-O O-O 12. g4 b5 13. g5 Nd7 14.
Kb1 Bb7 15. h4 Rac8 16. h5 Nb4 17. g6 fxg6 18. hxg6 h6 19. Qh3 Rf6 20. f5 exf5 21. Bxh6 Rxg6 22. Be3 Nxd3 23. cxd3 fxe4 24. Rdf1 Nf6 25.
Qe6+ Kf8 26. Rh8# 1-0

[Event "*** Titled Tuesday Blitz AM"]
[Site "Chess.com"]
[Date "2020.01.07"]
[Round "5"]
[White "kleinebeer98"]
[Black "severomorskij"]
[Result "0-1"]
[WhiteElo "2675"]
[BlackElo "2890"]
[TimeControl "180+2"]
[EndTime "10:04:59 PST"]
[Termination "severomorskij won by resignation"]

1. e4 c5 2. b4 cxb4 3. a3 e6 4. axb4 Bxb4 5. c3 Be7 6. d4 Nf6 7. e5 Nd5 8. Bd3 O-O 9. Nf3 d6 10. O-O dxe5 11. Nxe5 Nd7 12. f4 g6 13. Rf3 Qc7 14. Bd2 b6 15. Rh3 Bb7 16. Rxh7 Kxh7 17. Nxg6 f5 18. Nxf8+ Nxf8 19. Na3 Ng6 20. Nb5 Qd7 21.
Qh5+ Kg7 22. Rf1 Rh8 23. Qe2 a6 24. c4 axb5 25. cxd5 Qxd5 26. Bxb5 Bf6 27. Be3 Bxd4 28. Bxd4+ Qxd4+ 29. Kh1 Nxf4 30. Qf2 Bxg2+ 31. Kg1 Nh3+ 0-1

[Event "*** Titled Tuesday Blitz AM"]
[Site "Chess.com"]
[Date "2020.01.07"]
[Round "5"]
[White "fireheart92"]
[Black "DrVelja"]
[Result "1-0"]
[WhiteElo "2927"]
[BlackElo "2743"]
[TimeControl "180+2"]
[EndTime "10:05:00 PST"]
[Termination "fireheart92 won by resignation"]

1. Nf3 Nf6 2. c4 g6 3. d4 Bg7 4. g3 c6 5. Bg2 d5 6. O-O O-O 7. Qa4 Nfd7 8. cxd5 Nb6 9. Qb3 cxd5 10. Bf4 Nc6 11. Nc3 a5 12. Nb5 a4 13. Qd1 Ra5 14.
Na3 Bf5 15. Rc1 Be4 16. Bd2 Ra6 17. e3 Nc8 18. Ne1 Bxg2 19. Kxg2 e5 20. dxe5 Nxe5 21.
Bc3 Re8 22. Nf3 Nxf3 23. Qxf3 Bxc3 24. Rxc3 Rf6 25. Qd1 Qd7 26. Nc2 Rb6 27. Qd4 Re4 28.
Rxc8+ Qxc8 29. Qxb6 Qxc2 30. Qxb7 d4 31. exd4 Rxd4 32.
Qb8+ Kg7 33. Qe5+ 1-0

[Event "*** Titled Tuesday Blitz AM"]
[Site "Chess.com"]
[Date "2020.01.07"]
[Round "5"]
[White "nonscitis"]
[Black "SergeyShtyka"]
[Result "0-1"]
[WhiteElo "2553"]
[BlackElo "2474"]
[TimeControl "180+2"]
[EndTime "10:05:04 PST"]
[Termination "SergeyShtyka won by resignation"]

1. c4 c5 2. Nf3 Nc6 3. e3 g6 4. d4 cxd4 5. exd4 Bg7 6. d5 Ne5 7. Nxe5 Bxe5 8. Nc3 d6 9. Be2 Bg7 10. O-O Nf6 11. Be3 O-O 12. c5 dxc5 13. Bxc5 b6 14.
Ba3 Bb7 15. Bf3 Qd7 16. Re1 Rfe8 17. Qd3 Rad8 18. Rad1 Bf8 19. Qe2 Qf5 20. g4 Qf4 21. h4 Bc8 22. g5 Ng4 23. Ne4 Qh2+ 24. Kf1 Ne5 25. Bg2 Bh3 26. f4 Qh1+ 27. Kf2 Qxg2+ 28. Ke3 Qxe2+ 29. Rxe2 Nc4+ 30. Kf2 Nxa3 31. bxa3 Bg4 0-1

[Event "*** Titled Tuesday Blitz AM"]
[Site "Chess.com"]
[Date "2020.01.07"]
[Round "5"]
[White "KerryStead"]
[Black "angryhorse9"]
[Result "0-1"]
[WhiteElo "2057"]
[BlackElo "2256"]
[TimeControl "180+2"]
[EndTime "10:05:06 PST"]
[Termination "angryhorse9 won by resignation"]

1. d4 Nf6 2. f3 d5 3. e4 dxe4 4. Nc3 exf3 5. Nxf3 e6 6. Bg5 Be7 7. Bd3 O-O 8. O-O c5 9. dxc5 Nbd7 10. Qe1 Nxc5 11. Rd1 Nxd3 12. Rxd3 Qb6+ 13. Kh1 Qxb2 14. Ne4 Nd5 15. Bxe7 Nxe7 16. Nd4 e5 17. Nf3 Ng6 18. Qg3 Qxc2 19. Re3 f5 20. Rf2 Qc7 21. Nh4 fxe4 22. Rxf8+ Nxf8 23. Rxe4 Be6 24. h3 Rd8 25. Rxe5 Rd1+ 26.
Kh2 Rd5 27. Rxd5 Qxg3+ 28. Kxg3 Bxd5 29. Nf5 Bxa2 30. Kf4 a5 31. Ke5 a4 32. Kd4 a3 33.
Kc3 Be6 34. Nd4 a2 35. Kb2 Kf7 36. Nxe6 Kxe6 37. Kxa2 Kd5 38. Kb3 Kc5 0-1

[Event "*** Titled Tuesday Blitz AM"]
[Site "Chess.com"]
[Date "2020.01.07"]
[Round "5"]
[White "Kubas1010"]
[Black "Manukyan_Artak"]
[Result "1/2-1/2"]
[WhiteElo "2605"]
[BlackElo "2440"]
[TimeControl "180+2"]
[EndTime "10:05:08 PST"]
[Termination "Game drawn by agreement"]

1. d4 Nf6 2. c4 e6 3. Nc3 d5 4. Nf3 Be7 5. g3 Nbd7 6. Bg2 dxc4 7. O-O Nb6 8. e4 O-O 9. h3 c5 10. Be3 cxd4 11. Nxd4 e5 12. Ndb5 Be6 13. Qxd8 Bxd8 14. Nd6 Rb8 15. f4 exf4 16. gxf4 Be7 17. Rad1 Rfd8 18.
Ndb5 Rd3 19. Rxd3 cxd3 20. f5 Bc4 21. b3 Bxb5 22. Nxb5 Nbd7 23. Bf4 Bc5+ 24. Kh2 Re8 25. Rd1 Nxe4 26. Rxd3 Ndf6 27. Nc7 Rc8 28. Nd5 Nxd5 29. Rxd5 Nf6 30. Rd3 b6 31. Be5 a5 32. Bxf6 gxf6 33. Rd7 Re8 34. Bd5 Re7 35. Rxe7 Bxe7 36. Kg3 Kg7 37. Kg4 Bd6 38. a4 Be5 39. Bc4 Kf8 40. Kh5 Bf4 41. Kg4 Bd2 42. Kf3 Ke7 43. Ke4 Be1 44.
Kd5 Bf2 1/2-1/2

[Event "*** Titled Tuesday Blitz AM"]
[Site "Chess.com"]
[Date "2020.01.07"]
[Round "5"]
[White "enkhtuul"]
[Black "Feegus"]
[Result "1-0"]
[WhiteElo "2354"]
[BlackElo "2548"]
[TimeControl "180+2"]
[EndTime "10:05:08 PST"]
[Termination "enkhtuul won by resignation"]

1. d4 Nf6 2. Bf4 g6 3. Nc3 d5 4. Nf3 Bg7 5. Qd2 Ne4 6. Nxe4 dxe4 7. Ne5 Nd7 8. Nxd7 Bxd7 9. Bh6 Bf6 10. h4 c5 11. e3 Qb6 12. c3 O-O-O 13. Bc4 e6 14. Bf4 e5 15. dxe5 Be6 16. Qe2 Be7 17. Bg3 Bxc4 18.
Qxc4 Qxb2 19. O-O Qc2 20. Qxf7 Rde8 21. Qe6+ Kb8 22. Qd7 Qd3 23. Qa4 Bd8 24. Rab1 Bc7 25. Qc6 b6 26. Rfd1 Qxc3 27. Rd7 Rc8 28. e6 1-0

[Event "*** Titled Tuesday Blitz AM"]
[Site "Chess.com"]
[Date "2020.01.07"]
[Round "5"]
[White "Onegust"]
[Black "GMCarbone"]
[Result "1-0"]
[WhiteElo "2557"]
[BlackElo "2262"]
[TimeControl "180+2"]
[EndTime "10:05:10 PST"]
[Termination "Onegust won by resignation"]

1. e4 c5 2. Nf3 Nc6 3. Bb5 g6 4. Bxc6 dxc6 5. h3 Bg7 6. d3 Nf6 7. O-O Nd7 8. Re1 e5 9. Be3 b6 10. Nbd2 Nf8 11. a3 a5 12. Nc4 Qc7 13. b4 axb4 14. axb4 Rxa1 15. Qxa1 Ne6 16. bxc5 bxc5 17. Nfxe5 O-O 18. f4 Re8 19. Qa5 Qxa5 20. Nxa5 Bxe5 21. fxe5 Bd7 22. Rb1 Ra8 23. Nc4 Nd4 24. Rb2 Ra1+ 25. Kh2 Be6 26. Bh6 Ra8 27. Nd6 Nb5 28. Nxb5 Rb8 29. c4 cxb5 30. cxb5 Bd7 31. b6 Bc6 32. Rc2 Rxb6 33. Rxc5 f6 34. exf6 Kf7 35. e5 Ke6 36. d4 Bd5 37. Rxd5 Kxd5 38. f7 1-0

[Event "*** Titled Tuesday Blitz AM"]
[Site "Chess.com"]
[Date "2020.01.07"]
[Round "5"]
[White "Usurpov"]
[Black "VeraNebolsina"]
[Result "1-0"]
[WhiteElo "2541"]
[BlackElo "2326"]
[TimeControl "180+2"]
[EndTime "10:05:15 PST"]
[Termination "Usurpov won by resignation"]

1. e4 g6 2. d4 Bg7 3. Nc3 d6 4. f4 Nf6 5. Nf3 c5 6. Bb5+ Bd7 7. e5 Ng4 8. Bxd7+ Nxd7 9. h3 Nh6 10. dxc5 Nxc5 11.
Be3 O-O 12. O-O Rc8 13. Qe2 Nf5 14. Bf2 dxe5 15. fxe5 Ne6 16. Rad1 Qa5 17. Nd5 Rfd8 18. c4 Bf8 19. b3 b5 20. cxb5 Nc7 21. Nxc7 Qxc7 22.
a4 e6 23. Rxd8 Rxd8 24. Rd1 Rxd1+ 25. Qxd1 Qc3 26. Bxa7 Bc5+ 27. Bxc5 Qxc5+ 28. Kh2 Qe3 29. Qe1 Qf4+ 30. Kg1 1-0

[Event "*** Titled Tuesday Blitz AM"]
[Site "Chess.com"]
[Date "2020.01.07"]
[Round "5"]
[White "Zubrrr"]
[Black "Indianlad"]
[Result "1-0"]
[WhiteElo "2756"]
[BlackElo "2927"]
[TimeControl "180+2"]
[EndTime "10:05:18 PST"]
[Termination "Zubrrr won by resignation"]

1. c4 e5 2. g3 Nf6 3. Bg2 Bc5 4. Nc3 d6 5. e3 O-O 6. d4 Bb6 7. Nge2 c6 8. O-O Re8 9. Qc2 Bg4 10. b4 Nbd7 11. Bb2 e4 12. h3 Bf3 13. Bxf3 exf3 14.
Nc1 c5 15. bxc5 dxc5 16. Nb3 Qc8 17. Qf5 cxd4 18. exd4 Qxc4 19. Qxf3 Rab8 20. Rfd1 a5 21. Rac1 a4 22. Nc5 Bxc5 23. dxc5 Ne5 24. Qf5 Qb4 25.
Ba1 Re6 26. Nd5 Nxd5 27. Bxe5 Ne7 28. Bxb8 1-0

[Event "*** Titled Tuesday Blitz AM"]
[Site "Chess.com"]
[Date "2020.01.07"]
[Round "5"]
[White "ExcitingTrap"]
[Black "cancrushyou"]
[Result "0-1"]
[WhiteElo "2311"]
[BlackElo "2459"]
[TimeControl "180+2"]
[EndTime "10:05:22 PST"]
[Termination "cancrushyou won by resignation"]

1. e4 d5 2. exd5 Qxd5 3. Nc3 Qa5 4. d4 Nf6 5. Bd2 Bg4 6. Be2 Bxe2 7. Qxe2 e6 8. Nf3 Bb4 9. a3 Nbd7 10. O-O Bxc3 11.
Bxc3 Qh5 12. Qc4 Qd5 13. Qxc7 O-O 14. Rfe1 Rac8 15. Qf4 Rfe8 16. Rad1 b5 17. Rd3 Nb6 18. Re5 Qd7 19. Rg5 h6 20. Rg3 Nh5 21. Qg4 Nxg3 22. Ne5 Ne2+ 23. Qxe2 Qe7 24. Rg3 f6 25. Bb4 Qc7 26. Ng4 Qxc2 27. Nxh6+ Kh7 28. Qe3 Qc1+ 0-1

[Event "*** Titled Tuesday Blitz AM"]
[Site "Chess.com"]
[Date "2020.01.07"]
[Round "5"]
[White "Sanan_Sjugirov"]
[Black "Arystanner"]
[Result "1-0"]
[WhiteElo "2960"]
[BlackElo "2730"]
[TimeControl "180+2"]
[EndTime "10:05:23 PST"]
[Termination "Sanan_Sjugirov won by resignation"]

1. Nf3 Nf6 2. c4 e6 3. g3 d5 4. Bg2 dxc4 5. Qa4+ Nbd7 6. Qxc4 c5 7. Nc3 a6 8. a4 b5 9. Qb3 b4 10. Nb1 Bb7 11. d3 Be7 12. Nbd2 O-O 13. a5 Ne5 14. O-O Nxf3+ 15. Bxf3 Bxf3 16. Nxf3 Qd5 17. Qc2 Rac8 18. Nd2 Qh5 19. f3 Rfd8 20. Nc4 Nd5 21. Kg2 Nc7 22. Nb6 Rb8 23. Bf4 Bd6 24. Bxd6 Rxd6 25. Rac1 Rc6 26. d4 h6 27. dxc5 Nd5 28. Qe4 Qg5 29. Kf2 Ne7 30. h4 Qf6 31. Nd7 1-0

[Event "*** Titled Tuesday Blitz AM"]
[Site "Chess.com"]
[Date "2020.01.07"]
[Round "5"]
[White "temus_galaktionov"]
[Black "aa175"]
[Result "1-0"]
[WhiteElo "2740"]
[BlackElo "2246"]
[TimeControl "180+2"]
[EndTime "10:05:24 PST"]
[Termination "temus_galaktionov won by checkmate"]

1. d4 Nf6 2. Nf3 g6 3. c4 Bg7 4. Nc3 O-O 5. e4 d6 6. Be2 e5 7. O-O Nc6 8. d5 Ne7 9. Ne1 Nd7 10. f3 f5 11. g4 Nf6 12. Nd3 f4 13. h4 Kh8 14. Kg2 Neg8 15. Rh1 h5 16. g5 Nd7 17. a3 a5 18. Bd2 b6 19. b4 axb4 20. axb4 Rxa1 21. Qxa1 Bb7 22. Qa7 Qc8 23. c5 bxc5 24. bxc5 dxc5 25. Nxc5 Nxc5 26. Qxc5 Rd8 27. Nb5 Bf8 28.
Qxc7 Qxc7 29. Nxc7 Rc8 30. Rc1 Ba3 31. Rc4 Bd6 32.
Nb5 Rxc4 33. Bxc4 Bb8 34. d6 Bc6 35. Bc3 Bxb5 36. Bxe5+ Kh7 37. Bxb5 Ne7 38. dxe7 Bxe5 39. e8=Q Bd4 40. Bc4 Be5 41. Qg8# 1-0

[Event "*** Titled Tuesday Blitz AM"]
[Site "Chess.com"]
[Date "2020.01.07"]
[Round "5"]
[White "muran29"]
[Black "attack2mateU"]
[Result "1-0"]
[WhiteElo "2516"]
[BlackElo "2708"]
[TimeControl "180+2"]
[EndTime "10:05:24 PST"]
[Termination "muran29 won by resignation"]

1. d4 Nf6 2. c4 g6 3. Nc3 d5 4. cxd5 Nxd5 5. e4 Nxc3 6. bxc3 Bg7 7. Bc4 c5 8. Ne2 O-O 9. O-O Nc6 10. Be3 Qc7 11. Rc1 b6 12. Bf4 e5 13. Bg3 Qe7 14.
d5 Na5 15. Bd3 Nb7 16. f4 Nd6 17. fxe5 Bxe5 18. Nf4 h5 19. h3 Bd7 20. Nxh5 gxh5 21. Qxh5 f6 22. Bxe5 fxe5 23. Qg6+ Qg7 24. Qxd6 Bxh3 25.
Rc2 Qg3 26. Rcf2 Rf3 27. Qh6 Rxf2 28. Rxf2 Bd7 29. Rf3 Qg7 30. Qh4 Rf8 31. Rg3 1-0

[Event "*** Titled Tuesday Blitz AM"]
[Site "Chess.com"]
[Date "2020.01.07"]
[Round "5"]
[White "przemekpiotrowski"]
[Black "narutosmith"]
[Result "1-0"]
[WhiteElo "2413"]
[BlackElo "2253"]
[TimeControl "180+2"]
[EndTime "10:05:24 PST"]
[Termination "przemekpiotrowski won on time"]

1. d4 Nf6 2. Nf3 e6 3. g3 b5 4. Bg2 Bb7 5. O-O Be7 6. a4 b4 7. c3 bxc3 8. Nxc3 d5 9. Bf4 O-O 10.
a5 Na6 11. Ne5 c5 12. dxc5 Nxc5 13. b4 Nce4 14. Nxe4 Nxe4 15. b5 Rc8 16. a6 Ba8 17.
Bxe4 dxe4 18. Nd7 Re8 19. Rb1 Bd5 20. b6 axb6 21. Nxb6 Rc6 22. Be3 Bc5 23. Bxc5 Rxc5 24. a7 Ra5 25. Nxd5 exd5 26. Rb8 Qe7 27. Qd4 Ra6 28.
Rfb1 1-0

[Event "*** Titled Tuesday Blitz AM"]
[Site "Chess.com"]
[Date "2020.01.07"]
[Round "5"]
[White "FairChess_on_YouTube"]
[Black "gmcorrales"]
[Result "1/2-1/2"]
[WhiteElo "3006"]
[BlackElo "2872"]
[TimeControl "180+2"]
[EndTime "10:05:26 PST"]
[Termination "Game drawn by repetition"]

1. d4 Nf6 2. Nf3 g6 3. b3 d5 4.
Bb2 Bg7 5. e3 O-O 6. Nbd2 b6 7. c4 Bb7 8. Be2 e6 9. O-O Nbd7 10. Rc1 c5 11. dxc5 Nxc5 12. b4 Nce4 13. Nxe4 Nxe4 14. Bxg7 Kxg7 15. c5 bxc5 16. bxc5 Rc8 17.
Qd4+ Qf6 18. Bd3 Rc7 19. Rc2 Rfc8 20. Rfc1 Bc6 21. Ne5 Ba8 22. f4 h5 23. Bxe4 dxe4 24.
c6 Rd8 25. Qxe4 Qf5 26. Qb4 f6 27. Nd7 Rdxd7 28. cxd7 Rxc2 29. Qe7+ Kh6 30. Qf8+ Kh7 31.
Qf7+ Kh6 32. Qf8+ Kh7 33. Rxc2 Qxc2 34. Qf7+ Kh6 35. Qf8+ Kh7 36. Qe7+ Kh6 37. Qf8+ Kh7 1/2-1/2

[Event "*** Titled Tuesday Blitz AM"]
[Site "Chess.com"]
[Date "2020.01.07"]
[Round "5"]
[White "Orest_Vovk"]
[Black "SHIVACalypso"]
[Result "1-0"]
[WhiteElo "2419"]
[BlackElo "2266"]
[TimeControl "180+2"]
[EndTime "10:05:31 PST"]
[Termination "Orest_Vovk won by resignation"]

1. d4 Nf6 2. Bf4 d5 3. e3 c5 4. c3 Nc6 5. Nd2 e6 6. Ngf3 h6 7.
Bd3 Nh5 8. Bg3 Nxg3 9. hxg3 Bd6 10. g4 e5 11. dxe5 Nxe5 12. Nxe5 Bxe5 13. Bf5 Bxf5 14. gxf5 Bf6 15. Qa4+ Qd7 16. Qxd7+ Kxd7 17. e4 Rhe8 18. O-O-O d4 19. cxd4 cxd4 20. f4 Rec8+ 21. Kb1 g6 22. e5 Be7 23. fxg6 fxg6 24. Rxh6 Rf8 25. g3 g5 26. Nb3 gxf4 27. Rxd4+ Ke8 28.
gxf4 Rd8 29. Rxd8+ Kxd8 30. Nd4 Ke8 31. Ne6 Rg8 32.
f5 Rg1+ 33. Kc2 Re1 34. Rh8+ Kd7 35. Nf8+ Bxf8 36. Rxf8 Rxe5 37. Rf7+ Kc6 38. Kd3 Re1 39. f6 Rf1 40. Ke4 Kb6 41. Ke5 Re1+ 42. Kf5 Re2 43. Re7 Rf2+ 44. Kg6 Rxb2 45. f7 Rg2+ 46. Kh7 Rh2+ 47.
Kg7 Rg2+ 48. Kf8 Rxa2 49. Ke8 Rf2 50. f8=R Rxf8+ 51. Kxf8 a5 52. Kf7 a4 53. Ke6 Kc6 54. Ke5 a3 55. Kd4 b5 56. Kc3 Kb6 57. Kb3 1-0